 Dungeon Crawl Stone Soup version 0.28-a0-8-g6e044cfa68 (webtiles) character file.

Game seed: 6152110955842748234

103 Sobieck the Firebug (level 4, 0/24 HPs)
             Began as a Deep Elf Fire Elementalist on July 23, 2021.
             Slain by a quokka (3 damage)
             ... on level 2 of the Dungeon.
             The game lasted 00:05:59 (3567 turns).

Sobieck the Firebug (Deep Elf Fire Elementalist)    Turns: 3567, Time: 00:06:00

Health: 0/24       AC:  2    Str:  5    XL:     4   Next: 51%
Magic:  11/12      EV: 12    Int: 27    God:
Gold:   95         SH:  0    Dex: 15    Spells: 7/11 levels left

rFire   . . .      SeeInvis .   f - +0 short sword (venom) {short}
rCold   . . .      Faith    .   (no shield)
rNeg    + . .      Spirit   .   a - +0 robe
rPois   .          Reflect  .   (no helmet)
rElec   .          Harm     .   (no cloak)
rCorr   .          Rampage  .   (no gloves)
Will    .....                   (no boots)
Stlth   +++.......              (no amulet)
HPRegen 0.08/turn               j - +6 ring of intelligence
MPRegen 0.13/turn               p - ring of positive energy

@: no status effects
A: no striking features
a: no special abilities


You were on level 2 of the Dungeon.
You visited 1 branch of the dungeon, and saw 4 of its levels.

You collected 95 gold pieces.


   Skills:
 - Level 2.4 Dodging
 + Level 3.9 Stealth
 + Level 4.0 Spellcasting
 + Level 2.4 Conjurations
 + Level 4.0 Fire Magic


You had 7 spell levels left.
You knew the following spells:

 Your Spells              Type           Power      Damage    Failure   Level
a - Foxfire               Conj/Fire      92%        2x1d8     1%          1
b - Conjure Flame         Conj/Fire      23%        6-21      6%          3

Your spell library contained the following spells:

 Spells                   Type           Power      Damage    Failure   Level
 Inner Flame              Hex/Fire       16%        N/A       11%         3
 Sticky Flame             Conj/Fire      23%        2d4       21%         4
 Fireball                 Conj/Fire      11%        3d7       50%         5

Inventory:

Hand Weapons
 b - a +0 club {mace}
   (You found it on level 1 of the Dungeon)
 d - a +0 short sword {short}
   (You took it off a kobold on level 1 of the Dungeon)
 f - a +0 short sword of venom (weapon) {short}
   (You took it off a kobold on level 1 of the Dungeon)
Missiles
 c - 108 stones {throwing}
 l - 21 arrows
Armour
 a - a +0 robe (worn)
Magical Staves
 i - a staff of death {!astaff}
   (You found it on level 1 of the Dungeon)
 u - a staff of poison {!astaff}
   (You found it on level 3 of the Dungeon)
Jewellery
 j - a +6 ring of intelligence (left hand)
   (You found it on level 1 of the Dungeon)
 p - a ring of positive energy (right hand)
   (You found it on level 2 of the Dungeon)
Scrolls
 e - a scroll of enchant armour {unknown}
 g - 2 scrolls of teleportation {unknown}
 m - a scroll of noise {unknown}
 n - a scroll of enchant weapon {unknown}
 r - 3 scrolls of identify {unknown}
 s - 3 scrolls of vulnerability {unknown}
 t - a scroll of magic mapping {unknown}
Potions
 h - 2 potions of attraction {unknown}
 k - a potion of flight {unknown}
 o - a potion of lignification {unknown}
 q - a potion of curing {unknown}

Dungeon Overview and Level Annotations

Branches:
Dungeon (4/15)
 Temple: D:4-7

Altars:

Shops:
D:1 ( D:2

? #.#.####.# ## ###.#.#
#.#
#....#####.############
##...#.................
#...#.###.############
#...#.....#
#.###.############ #.#
#v######.....##### #.#
#@r............... #.#
#v######.....##### #.#
#.# #†....# #.# ###
#.....# # #.# #.....# #
#.# #.....# # #.#
#.....# # #.# ####### #
#.# #


You could see a quokka (ally target).


Message History

😎 MP[-1]
You lost 1 mp, and now have 8/12 mp.
You conjure some foxfire!
The foxfire hits the orc.
The foxfire hits the orc but does no damage.
The orc completely misses you. 😎 MP[-1]
You lost 1 mp, and now have 7/12 mp.
The foxfire hits the giant cockroach.
The foxfire hits the orc.
You kill the orc!
The giant cockroach closely misses you.
You climb upwards.
There is a stone staircase leading down here. 😎 MP[+1]
You conjure some foxfire! 😎 MP[-1]
You lost 1 mp, and now have 7/12 mp.
You conjure some foxfire! 😎 MP[-1]
You lost 1 mp, and now have 6/12 mp.
You climb downwards.
Your mindless thralls stay behind.
The orc wizard casts a spell at you. You resist with some effort.
The giant cockroach bites you but does no damage.
The quokka closely misses you. The orc misses you. The black bear bites you.
The black bear barely misses you. The black bear misses you.
There is a stone staircase leading up here. 😮 HP[-6]
You take 6 damage, and now have 18/24 hp.
MASSIVE DAMAGE!! (PAUSE)
The giant cockroach barely misses you. The quokka barely misses you.
The orc hits you with a +0 hand axe.
The black bear bites you but does no damage.
The black bear claws you but does no damage.
The black bear claws you. The giant cockroach closely misses you.
You climb upwards.
The foxfire hits the quokka.
The foxfire hits the quokka but does no damage.
There is a stone staircase leading down here. 😮 HP[-4] MP[+1]
You take 4 damage, and now have 14/24 hp.
Unknown command.
Okay, then.
The quokka barely misses you. The quokka misses you.
The quokka twitches its whiskers. 😮 MP[+1] 😮 HP[+1] 😮 MP[+1]
The black bear bites you!
* * * LOW HITPOINT WARNING * * *
The black bear misses you. x2 😨 HP[-7]
You take 7 damage, and now have 8/24 hp.
MASSIVE DAMAGE!! (PAUSE) 😨 MP[+1] 😨 HP[+1] 😨 MP[+1]
Casting: Foxfire (safe; 1% risk of failure)
Confirm with . or Enter, or press ? or * to list all spells.
Okay, then.
Unknown command. 😨 HP[+1]
The quokka closely misses you. 😨 MP[+1]
Your mp is fully restored (12).
The quokka bites you.
* * * LOW HITPOINT WARNING * * *
😨 HP[-3]
You take 3 damage, and now have 7/24 hp.
The giant cockroach waves its antennae.
The black bear bites you.
* * * LOW HITPOINT WARNING * * *
The black bear misses you.
The black bear closely misses you. 😱 HP[-1]
You take 1 damage, and now have 6/24 hp. 😨 HP[+1]
The quokka bites you.
* * * LOW HITPOINT WARNING * * *
😱 HP[-4]
You take 4 damage, and now have 3/24 hp.
The quokka barely misses you. 😱 HP[+1]
The quokka misses you. The quokka barely misses you. 😱 HP[+1]
The quokka misses you.
The quokka twitches its whiskers. x2
The quokka barely misses you. 😱 HP[+1]
The quokka completely misses you.
There is a stone staircase leading up here.
The quokka bites you.
* * * LOW HITPOINT WARNING * * *
You climb upwards.
There is a stone staircase leading down here. 😱 HP[-3]
You take 3 damage, and now have 3/24 hp.
You are too injured to fight recklessly!
Casting: Foxfire (safe; 1% risk of failure)
Confirm with . or Enter, or press ? or * to list all spells.
You conjure some foxfire!
The quokka bites you.
You die...

Skill      XL: |  1  2  3  4 |
---------------+-------------+-----
Stealth        | 3 |  3.9
Conjurations   | 2 |  2.4
Fire Magic     | 4 |  4.0
Spellcasting   | 4 |  4.0
Dodging        | |  2.4

Action                   |  1- 3 |  4- 6 || total
-------------------------+-------+-------++-------
Melee: Short sword       |    27 |     3 ||    30
 Cast: Foxfire           |    72 |    44 ||   116
 Stab: Sleeping          |     5 |       ||     5
Armor: Robe              |     8 |     5 ||    13
Dodge: Dodged            |    17 |    23 ||    40

Levels and vault maps discovered:
D:1:      sevenhm_arrival_forest_fort_small_5, layout_loops_ring, serial_shops,
          nicolae_shop_behind_doors
D:2:      layout_basic, serial_shops, shop
D:3:      layout_basic, dreamdust_ecumenical_altar_hidden_monk_grotto,
          minmay_rat_hole
D:4:      layout_layer_cave, grunt_gozag_breadcrumbs,
          minmay_temple_entry_statues_fountains, uniq_eustachio

Notes
Turn   | Place    | Note
-------+----------+-------------------------------------------
     0 | D:1      | Sobieck the Deep Elf Fire Elementalist began the quest for
                  | the Orb.
     0 | D:1      | Reached XP level 1. HP: 10/10 MP: 6/6
     0 | D:1      | magus.rc [v1.9.6]
   131 | D:1      | Found Jifoesta's Weapon Boutique.
   359 | D:1      | Reached XP level 2. HP: 8/15 MP: 8/8
   671 | D:1      | Reached skill level 3 in Stealth
  1494 | D:2      | Reached XP level 3. HP: 18/19 MP: 6/9
  1502 | D:2      | Learned a level 3 spell: Conjure Flame
  1703 | D:2      | Found Syat's Magic Scroll Shoppe.
  2309 | D:3      | Reached skill level 2 in Conjurations
  2596 | D:3      | Reached XP level 4. HP: 24/24 MP: 8/11
  2670 | D:3      | Found a faded altar of an unknown god.
  2891 | D:3      | Reached skill level 4 in Fire Magic
  3033 | D:3      | Reached skill level 4 in Spellcasting
  3461 | D:4      | Noticed a black bear
  3523 | D:3      | HP: 6/24 [black bear (1)]
  3531 | D:3      | HP: 3/24 [quokka (4)]
  3565 | D:3      | HP: 3/24 [quokka (3)]
  3567 | D:2      | Slain by a quokka

Vanquished Creatures
  3 adders (D:3)
  A dart slug (D:3)
  2 orcs (D:4)
  6 endoplasms
  5 giant cockroaches
  5 goblins
  2 hobgoblins (D:2)
  5 jackals
  4 kobolds (D:1)
  4 quokkas
  5 ball pythons
  6 bats
  3 frilled lizards
  20 rats
71 creatures vanquished.

Vanquished Creatures (others)
  187 foxfires
187 creatures vanquished.

Grand Total: 258 creatures vanquished

Table legend:
 A = Non-vault XP
 B = Vault XP
 C = Vault XP percentage of total XP
 D = Non-vault monster count
 E = Vault monster count
 F = Vault count percentage of total count
                 A         B        C        D         E       F
            +---------+---------+-------+---------+---------+-------
      Total |     128 |      20 |  13.5 |      52 |      19 |  26.8
            +---------+---------+-------+---------+---------+-------
        D:1 |      39 |       0 |   0.0 |      24 |       0 |   0.0
        D:2 |      11 |       0 |   0.0 |       6 |       0 |   0.0
        D:3 |      72 |      20 |  21.7 |      20 |      19 |  48.7
        D:4 |       6 |       0 |   0.0 |       2 |       0 |   0.0
            +---------+---------+-------+---------+---------+-------

Illustrated notes

Table legend:
 A = Kills in this place as a percentage of kills in entire the game.
 B = Kills by you in this place as a percentage of kills by you in the entire game.
 C = Kills by friends in this place as a percentage of kills by friends in the entire game.
 D = Other kills in this place as a percentage of other kills in the entire game.
 E = Experience gained in this place as a percentage of experience gained in the entire game.
 F = Experience gained in this place divided by the number of levels of this place that you have seen.
                   A       B       C       D       E      F
               +-------+-------+-------+-------+-------+----------------------
         Total | 100.0 | 100.0 |   N/A |   N/A | 100.0 |  37.0
       Dungeon | 100.0 | 100.0 |   N/A |   N/A | 100.0 |  37.0
               +-------+-------+-------+-------+-------+----------------------

Table legend: (Time is in decaauts)
 A = Elapsed time spent in this place.
 B = Non-inter-level travel time spent in this place.
 C = Inter-level travel time spent in this place.
 D = Time resting spent in this place.
 E = Time spent auto-exploring this place.
 F = Levels seen in this place.
 G = Mean time per level.
                   A        B        C        D        E       F      G
               +--------+--------+--------+--------+--------+-----+--------+
         Total |   3570 |   3464 |    106 |    228 |   2763 |   4 |  892.5 |
       Dungeon |   3570 |   3464 |    106 |    228 |   2763 |   4 |  892.5 |
               +--------+--------+--------+--------+--------+-----+--------+

Top non-repeatable levels by time:
     D:3: 1540 daAuts
     D:1: 1354 daAuts
     D:2: 665 daAuts
     D:4: 9 daAuts
